 Dungeon Crawl Stone Soup version 0.24.0-124-g2791043dd8 (webtiles) character file.

Game seed: 4710768501744249655, levelgen mode: deterministic

60 H0rd4k the Charlatan (level 4, -17/32 HPs)
             Began as a Human Artificer on Feb 14, 2020.
             Demolished by an orc warrior
             ... wielding a +0 short sword
              (18 damage)
             ... on level 2 of the Dungeon.
             The game lasted 00:02:09 (2198 turns).

H0rd4k the Charlatan (Human Artificer)              Turns: 2198, Time: 00:02:09

Health: -17/32     AC:  3    Str: 13    XL:     4   Next: 25%
Magic:  6/6        EV: 12    Int: 11    God:
Gold:   129        SH:  0    Dex: 14    Spells: 3/3 levels left

rFire    . . .     SeeInvis .   a - +0 short sword
rCold    . . .     Gourm    .   (no shield)
rNeg     . . .     Faith    .   b - +0 leather armour
rPois    .         Spirit   .   (no helmet)
rElec    .         Reflect  .   (no cloak)
rCorr    .         Harm     .   (no gloves)
MR       .....                  (no boots)
Stlth    +.........             (no amulet)
HPRegen  0.10/turn              (no ring)
MPRegen  0.10/turn              (no ring)

@: no status effects
A: no striking features
a: no special abilities


You were on level 2 of the Dungeon.
You were very hungry.

You visited 1 branch of the dungeon, and saw 2 of its levels.

You collected 129 gold pieces.

Inventory:

Hand Weapons
 a - a +0 short sword (weapon)
Armour
 b - a +0 leather armour (worn)
Wands
 c - a wand of flame (7)
 d - a wand of enslavement (13)
 e - a wand of random effects (9)
Scrolls
 g - 2 scrolls of teleportation {unknown}
 i - 4 scrolls of identify {unknown}
 m - a scroll of noise {unknown}
Potions
 h - a potion of flight {unknown}
 j - 2 potions of lignification {unknown}
 k - a potion of mutation {unknown}
 l - a potion of magic {unknown}
Comestibles
 f - 2 rations


   Skills:
 + Level 1.1 Fighting
 + Level 2.1 Short Blades
 + Level 1.1 Armour
 + Level 2.5 Dodging
 + Level 1.1 Stealth
 + Level 3.5 Evocations


You had 3 spell levels left.
You didn't know any spells.
Your spell library was empty.

Dungeon Overview and Level Annotations

Branches:
Dungeon (2/15)

Altars:
Nemelex Xobeh

Annotations:
D:1 exclusion: downstairs


Message History

The orc warrior hits you with a +0 short sword.
The orc priest looks braver for a moment.
An orc wizard comes into view. It is wielding a +0 dagger.
Evoke which item? (* to show all) (? for menu, Esc to quit)
Aiming: Random Effects
Press: ? - help, Shift-Dir - straight line, f/p - orc priest
Aim: an orc priest (fast)
The orc warrior looks slightly unstable.
The orc warrior hits you with a +0 short sword!
* * * LOW HITPOINT WARNING * * *
The orc wizard casts a cantrip, but nothing happens.
Unknown command.
Evoke which item? (* to show all) (? for menu, Esc to quit)
Aiming: Enslavement
Press: ? - help, Shift-Dir - straight line, f/p - orc priest
Aim: an orc priest (fast, chance to defeat MR: 56%)
The orc warrior resists with significant effort.
The orc warrior hits you with a +0 short sword!!
Ouch! That really hurt!
You die...

#..######.#.)
#.......+........
..........###
#....####........
###########
#.#### #........
..# #.# #########
#.#
#.##############
#.#
#..............#
#.#
########..#####.#
#.# #....# #..#
#.# #.# #@##.#
#..# #.# #.#
#o##.#
#..#####.##
#.##### #o##.#
#..........
#.....# oo.#.#
#.######.##
#####.# #.##.#
#).......##
......# ####.#
######.....
####### #.#
#.#### #.# #.#
#.# #.#


You could see an orc warrior, an orc priest and 2 orc wizards.

Vanquished Creatures
  An adder (D:2)
  2 worms (D:2)
  2 dart slugs
  A leopard gecko (D:2)
  An orc (D:2)
  A ball python (D:1)
  3 giant cockroaches
  6 goblins
  6 hobgoblins
  5 kobolds
  2 bats
  A frilled lizard (D:2)
  5 rats
36 creatures vanquished.

Vanquished Creatures (others)
  5 toadstools (D:1)
5 creatures vanquished.

Grand Total: 41 creatures vanquished

Notes
Turn   | Place    | Note
-------+----------+-------------------------------------------
     0 | D:1      | H0rd4k the Human Artificer began the quest for the Orb.
     0 | D:1      | Reached XP level 1. HP: 15/15 MP: 3/3
    82 | D:1      | Reached XP level 2. HP: 4/21 MP: 4/4
   866 | D:2      | Reached XP level 3. HP: 26/26 MP: 5/5
  1668 | D:2      | Reached skill level 1 in Armour
  1668 | D:2      | Reached XP level 4. HP: 12/32 MP: 6/6
  2017 | D:2      | Found a sparkling altar of Nemelex Xobeh.
  2192 | D:2      | Noticed an orc warrior
  2197 | D:2      | HP: 1/32 [orc warrior/+0 short sword (10)]
  2198 | D:2      | Demolished by an orc warrior

Levels and vault maps discovered:
D:1:      ldierk_walled_garden, layout_rooms
D:2:      layout_basic, nemelex_lonely_heart_becter

Skill      XL: |  1  2  3 |
---------------+----------+-----
Short Blades   | 2 |  2.1
Armour         | 1 |  1.1
Fighting       | |  1.1
Dodging        | |  2.5
Stealth        | |  1.1
Evocations     | |  3.5

Action                   |  1- 3 |  4- 6 || total
-------------------------+-------+-------++-------
Melee: Short sword       |   136 |     7 ||   143
Evoke: Wand              |     9 |     7 ||    16
 Stab: Sleeping          |     2 |       ||     2
  Eat: Chunk             |     2 |     1 ||     3
Armor: Leather armour    |    36 |       ||    36
Dodge: Dodged            |    86 |     3 ||    89
